 Dungeon Crawl Stone Soup version 0.27-a0-1565-gad902ab807 (webtiles) character file.

Game seed: 15778820768539776562

308 quinnr the Zephyrmancer (level 6, -16/32 HPs)
             Began as a Tengu Air Elementalist on July 16, 2021.
             Killed by an exploding phantom (26 damage)
             ... ignited by their inner flame
             ... on level 6 of the Dungeon.
             The game lasted 00:10:05 (4439 turns).

quinnr the Zephyrmancer (Tengu Air Elementalist)    Turns: 4439, Time: 00:10:06

Health: -16/32     AC:  2    Str:  8    XL:     6   Next: 40%
Magic:  6/10       EV: 14    Int: 18    God:
Gold:   104        SH:  0    Dex: 14    Spells: 4/9 levels left

rFire    . . .     SeeInvis .   h - +4 dagger (speed)
rCold    . . .     Faith    .   (no shield)
rNeg     . . .     Spirit   .   a - +0 robe
rPois    .         Reflect  .   (helmet restricted)
rElec    .         Harm     .   (no cloak)
rCorr    .         Rampage  .   (no gloves)
Will     .....                  (boots unavailable)
Stlth    ++........             (no amulet)
HPRegen  0.10/turn              (no ring)
MPRegen  0.12/turn              (no ring)

@: about to teleport, flying quickly and evasively, quick
A: beak, talons 3, nimble flight
a: no special abilities


You were on level 6 of the Dungeon.
You visited 1 branch of the dungeon, and saw 5 of its levels.

You collected 104 gold pieces.

Inventory:

Hand Weapons
 h - a +4 dagger of speed (weapon)
Armour
 a - a +0 robe (worn)
Scrolls
 f - a scroll of blinking {unknown}
 g - a scroll of noise
Potions
 b - a potion of might
 c - 3 potions of heal wounds {unknown}
 d - a potion of curing
 k - a potion of haste {unknown}
 l - a potion of resistance


   Skills:
 * Level 0.1 Fighting
 - Level 2.1 Dodging
 - Level 2.0 Stealth
 + Level 2.0 Spellcasting
 - Level 1.3 Conjurations
 + Level 9.2 Air Magic


You had 4 spell levels left.
You knew the following spells:

 Your Spells              Type           Power      Damage    Failure   Level
a - Shock                 Conj/Air       80%        1d8       1%          1
b - Airstrike             Air            17%        N/A       4%          4

Your spell library contained the following spells:

 Spells                   Type           Power      Damage    Failure   Level
 Swiftness                Air            34%        N/A       1%          3
 Static Discharge         Conj/Air       20%        N/A       3%          2
 Slow                     Hex            1%         N/A       26%         2
 Confusing Touch          Hex            1%         N/A       47%         3
 Vampiric Draining        Necr           0%         2d6       47%         3


Dungeon Overview and Level Annotations

Branches:
Dungeon (4/15)
 Temple: D:4-7

Altars:
Qazlal

Shops:
D:1 (

Annotations:
D:2 1 runed translucent door, Crazy Yiuf


Innate Abilities, Weirdness & Mutations

You have a beak for a mouth.
You have claws for feet.
Your magical nature lets you fly swiftly and evasively.


Message History

You feel strangely unstable. The killer bee closely misses you.
The killer bee misses you. The killer bee closely misses you.
Something hits you. Something shocks you.
Unknown command.
Something hits you. Something shocks you.
Unknown command.
Casting: Shock (safe; 1% risk of failure)
Confirm with . or Enter, or press ? or * to list all spells.
Okay, then.
Casting: Shock (safe; 1% risk of failure)
Confirm with . or Enter, or press ? or * to list all spells.
The spell is quite dangerous to cast (4% risk of failure)!
Continue anyway? [Y]es or [N]o only, please.
The spell is quite dangerous to cast (4% risk of failure)!
Continue anyway?
Aiming: Airstrike (quite dangerous; 4% risk of failure)
Press: ? - help, Dir - move target, f - killer bee
Aim: a killer bee (inner flame)
The air twists around and strikes the killer bee!
Flame seeps out of the killer bee.
The killer bee is severely wounded.
The killer bee misses you.
The black bear bites you but does no damage.
The black bear claws you. x2; The killer bee stings you.
The killer bee is engulfed in blazing flames.
The killer bee explodes!
The fiery explosion engulfs the phantom!!
The fiery explosion engulfs the killer bee!
Flame seeps out of the killer bee.
The killer bee is severely wounded.
The fiery explosion engulfs something!!
Reactivating autopickup.
You feel a bit more experienced.
The fiery explosion engulfs the black bear!!
Flame seeps out of the black bear.
The black bear is almost dead.
The sky beast explodes!
The phantom explodes!
The fiery explosion engulfs the killer bee!!
The fiery explosion engulfs you!!
Ouch! That really hurt!
You die...

#...##.###
###/.......
..........#
..........
.........# #
#...#..###.#
###...§§hy...#
..!...§○§@...#
......§§######
.#####§## #.
#. #. #. #.


You could see a black bear (inner flame) and a killer bee (inner flame).

Vanquished Creatures
  A sky beast (D:6)
  An ogre (D:4)
  A phantom (D:6)
  2 killer bees (D:6)
  An orc priest (D:3)
  A centaur skeleton (D:4)
  An orc wizard (D:3)
  Robin (D:1)
  2 gnolls (D:3)
  3 adders
  2 worms (D:3)
  A dart slug (D:3)
  4 orcs
  11 ball pythons
  5 endoplasms
  2 giant cockroaches (D:1)
  22 goblins
  7 hobgoblins
  4 kobolds
  2 quokkas
  6 bats
  A frilled lizard (D:3)
  3 rats
84 creatures vanquished.

Vanquished Creatures (others)
  2 demonic plants (D:1)
  3 plants
  A withered plant (D:1)
6 creatures vanquished.

Grand Total: 90 creatures vanquished

Notes
Turn   | Place    | Note
-------+----------+-------------------------------------------
     0 | D:1      | quinnr the Tengu Air Elementalist began the quest for the
                  | Orb.
     0 | D:1      | Reached XP level 1. HP: 10/10 MP: 4/4
   137 | D:1      | Found a faded altar of an unknown god.
   276 | D:1      | Reached XP level 2. HP: 15/15 MP: 1/6
   388 | D:1      | Reached skill level 5 in Air Magic
   775 | D:1      | Reached XP level 3. HP: 19/19 MP: 3/7
   815 | D:1      | Found Kaeq Deg's Antique Weapon Boutique.
   897 | D:1      | You fall into a shaft and drop 1 floor!
  1139 | D:2      | Found a stormy altar of Qazlal.
  1217 | D:2      | Reached skill level 6 in Air Magic
  1252 | D:2      | Found a runed translucent door.
  1253 | D:2      | Noticed Crazy Yiuf
  1351 | D:2      | Noticed Robin
  1549 | D:1      | Killed Robin
  1550 | D:1      | Reached XP level 4. HP: 11/24 MP: 1/8
  2980 | D:3      | Reached skill level 7 in Air Magic
  3361 | D:3      | Gained mutation: Your magical nature lets you fly swiftly
                  | and evasively. [Tengu growth]
  3361 | D:3      | Reached XP level 5. HP: 3/28 MP: 3/9
  3368 | D:3      | HP: 4/42 [orc (1)]
  3744 | D:3      | Reached skill level 8 in Air Magic
  3749 | D:3      | Learned a level 4 spell: Airstrike
  4232 | D:4      | Reached XP level 6. HP: 32/32 MP: 1/10
  4324 | D:4      | Reached skill level 9 in Air Magic
  4433 | D:4      | You are sucked into a shaft and drop 2 floors!
  4433 | D:6      | Noticed a black bear
  4433 | D:6      | Noticed a sky beast
  4439 | D:6      | Killed a sky beast
  4439 | D:6      | Killed by an exploding phantom... ignited by their inner
                  | flame

Illustrated notes

Levels and vault maps discovered:
D:1:      dpeg_arrival_rhombus, layout_basic, shapermc_ecumenical_altar_gd,
          serial_shops, shop
D:2:      layout_basic, basic_altar, serial_glass, glass_columns_b,
          glass_columns_b, minmay_shallow_snake_nest, uniq_crazy_yiuf_cottage,
          uniq_robin
D:3:      layout_rooms, minmay_unequal
D:4:      layout_basic, zin_scriptorium, mainiacjoe_overflow_swirl,
          serial_bayou_pond_c, hangedman_decor_diamond_cutter, uniq_ijyb,
          uniq_eustachio, uniq_pikel
D:6:      layout_loops_ring, mainiacjoe_overflow_cross_hatched, tso_metal_star

Skill      XL: |  1  2  3  4  5  6 |
---------------+-------------------+-----
Air Magic      | 5 6 7 8 9 |  9.2
Fighting       | |  0.1
Dodging        | |  2.1
Stealth        | |  2.0
Spellcasting   | |  2.0
Conjurations   | |  1.3

Action                   |  1- 3 |  4- 6 || total
-------------------------+-------+-------++-------
Melee: Unarmed           |     6 |       ||     6
       Peck              |     3 |       ||     3
       Dagger            |       |     6 ||     6
 Cast: Shock             |    83 |   104 ||   187
       Airstrike         |       |     1 ||     1
  Use: Potion            |       |     4 ||     4
       Scroll            |       |     6 ||     6
Armor: Robe              |     5 |     2 ||     7
       Skin              |       |     2 ||     2
Dodge: Dodged            |    14 |    11 ||    25

Table legend: (Time is in decaauts)
 A = Elapsed time spent in this place.
 B = Non-inter-level travel time spent in this place.
 C = Inter-level travel time spent in this place.
 D = Time resting spent in this place.
 E = Time spent auto-exploring this place.
 F = Levels seen in this place.
 G = Mean time per level.
                   A        B        C        D        E       F      G
               +--------+--------+--------+--------+--------+-----+--------+
         Total |   4401 |   4305 |     96 |    515 |   3303 |   5 |  880.2 |
       Dungeon |   4401 |   4305 |     96 |    515 |   3303 |   5 |  880.2 |
               +--------+--------+--------+--------+--------+-----+--------+

Top non-repeatable levels by time:
     D:1: 1591 daAuts
     D:2: 1568 daAuts
     D:3: 991 daAuts
     D:4: 245 daAuts
     D:6: 5 daAuts
